 Dungeon Crawl Stone Soup version 0.29.0-4-gdea44cf6ec (webtiles) character file.

Game seed: 1090485965493514083

447 qw the Chopper (level 7, -3/43 HPs)
             Began as a Gargoyle Delver on Sept 10, 2022.
             Was an Initiate of Okawaru.
             Slain by Duvessa
             ... wielding a +0 rapier
              (7 damage)
             ... on level 5 of the Dungeon.
             The game lasted 00:01:45 (4730 turns).

qw the Chopper (Gargoyle Delver)                    Turns: 4730, Time: 00:01:46

Health: -3/43      AC: 21    Str: 18    XL:     7   Next: 3%
Magic:  7/7        EV:  7    Int: 10    God:    Okawaru [......]
Gold:   161        SH:  7    Dex: 11    Spells: 6/6 levels left

rFire   x . .      SeeInvis .   Y - +2 hand axe (flame)
rCold   + + .      Faith    .   o - +0 kite shield
rNeg    + . .      Spirit   .   e - +0 ice dragon scales
rPois   inf        Reflect  .   a - +2 helmet
rElec   +          Harm     .   n - +0 cloak
rCorr   .          Rampage  .   q - +0 pair of gloves
Will    .....                   p - +0 pair of boots
Stlth   +.........              (no amulet)
HPRegen 0.14/turn               (no ring)
MPRegen 0.10/turn               (no ring)

@: no status effects
A: sickness immunity, AC +4, negative energy resistance 1, electricity
resistance, torment resistance 1, petrification resistance
a: Renounce Religion


You were on level 5 of the Dungeon.
You worshipped Okawaru.
Okawaru was noncommittal.
You visited 2 branches of the dungeon, and saw 6 of its levels.

You collected 161 gold pieces.


Innate Abilities, Weirdness & Mutations

You are immune to sickness and miasma.
Your stone body is resilient. (AC +4)
You are immune to poison.
You resist negative energy. (rN+)
You are resistant to electric shocks. (rElec)
You are resistant to unholy torment.
You are immune to petrification.


   Skills:
 - Level 4.0 Fighting
 - Level 5.5 Axes
 - Level 2.7 Armour
 - Level 1.5 Dodging
 - Level 5.4 Stealth
 + Level 1.7 Shields


You had 6 spell levels left.
You didn't know any spells.
Your spell library was empty.

Inventory:

Hand Weapons
 Y - a +2 hand axe of flaming (weapon)
Armour
 a - a +2 helmet (worn)
 e - +0 ice dragon scales (worn)
 m - a +0 chain mail
 n - a +0 cloak (worn)
 o - a +0 kite shield (worn)
 p - a +0 pair of boots (worn)
 q - a +0 pair of gloves (worn)
Wands
 g - a wand of digging (3)
Scrolls
 d - a scroll of identify
Potions
 b - 3 potions of curing
 c - a potion of might
 f - 4 potions of haste
 h - a potion of resistance
 j - a potion of lignification {unknown}
 k - a potion of brilliance {unknown}
 l - a potion of attraction {unknown}
 r - a potion of mutation {unknown}

Dungeon Overview and Level Annotations

Branches:
Dungeon (5/15)             Temple (1/1) D:4

Altars:
Ashenzari
Cheibriados
Dithmenos
Elyvilon
Fedhas
Gozag
Makhleb
Okawaru
Qazlal
Sif Muna
Trog
Uskayaw
Vehumet
Wu Jian
Xom
Zin

Shops:
D:3 [

Annotations:
D:5 Duvessa


Message History

Dowan is almost dead.
You hit Duvessa. You burn Duvessa.
Dowan points at you and mumbles some strange words.
The puff of flame hits you but does no damage.
Duvessa hits you but does no damage. Duvessa barely misses you.
Dowan hits you but does no damage.
You completely miss Dowan.
Dowan is almost dead.
You hit Duvessa. You burn Duvessa. Dowan barely misses you.
You block Duvessa's attack.
You slash Dowan! You burn Dowan.
You kill Dowan!
Okawaru accepts your kill.
Duvessa screams in rage.
Duvessa goes berserk!
You hit Duvessa but do no damage. Duvessa hits you but does no damage.
Duvessa closely misses you.
Your Shields skill increases to level 1!
You have reached level 7!
You closely miss Duvessa.
Duvessa is heavily wounded.
Duvessa closely misses you.
You barely miss Duvessa.
Duvessa is heavily wounded.
Duvessa hits you but does no damage. Duvessa hits you with a +0 rapier!
You hit Duvessa but do no damage.
Duvessa is heavily wounded.
Duvessa hits you but does no damage. Duvessa hits you with a +0 rapier!
You barely miss Duvessa.
Duvessa is heavily wounded.
You block Duvessa's attack. x2
You hit Duvessa. You burn Duvessa.
Duvessa is severely wounded.
You block Duvessa's attack. Duvessa closely misses you.
You completely miss Duvessa.
Duvessa is severely wounded.
Duvessa hits you with a +0 rapier! x2
You hit Duvessa but do no damage.
Duvessa is severely wounded.
Duvessa hits you with a +0 rapier!
You die...

#....# ####.
#.##.## #....
#.#...# #.#.. ###
##.#...###.#.#
##.###..........#..
#.............#.#.#
##.#.............##
#......#...#.#.).#
#@.........#.####.
#e)....####... .
#.#...## ..#..
#.##.## #.. .##
#.##.# #.# .# #..
###


You could see Duvessa (berserk).

Vanquished Creatures
  Sigmund (D:3)
  Dowan (D:5)
  A hound (D:4)
  An orc wizard (D:4)
  4 adders
  2 river rats (D:3)
  3 worms
  5 dart slugs
  5 orcs (D:4)
  8 ball pythons
  12 bats
  2 endoplasms
  7 giant cockroaches
  9 goblins
  10 hobgoblins
  5 kobolds
  5 quokkas
  2 frilled lizards (D:1)
  3 rats (D:3)
  A spectral kobold (D:2)
87 creatures vanquished.

Notes
Turn   | Place    | Note
-------+----------+-------------------------------------------
     0 | D:5      | qw the Gargoyle Delver began the quest for the Orb.
     0 | D:5      | Reached XP level 1. HP: 14/14 MP: 1/1
     0 | D:5      | 0 ||| qw: Version: 0.1-a-116-g5d60599
     0 | D:5      | 0 ||| qw: Game counter: 9113
     0 | D:5      | 0 ||| qw: Always use a shield: true
     0 | D:5      | 0 ||| qw: God list: Okawaru
     0 | D:5      | 0 ||| qw: Allow faded altars: false
     0 | D:5      | 0 ||| qw: Do Orc after D:15 true
     0 | D:5      | 0 ||| qw: Do second Lair branch before Depths: true
     0 | D:5      | 0 ||| qw: Lair rune preference: random
     0 | D:5      | 0 ||| qw: Plans: Normal
     0 | D:5      | 0 ||| PLANNING D:1-11
     7 | D:5      | 7 ||| DROPPING scroll of fog.
     8 | D:5      | 8 ||| DROPPING scroll of magic mapping.
     9 | D:5      | 9 ||| DROPPING scroll of fear.
    64 | D:4      | 64 ||| UPGRADING to +0 ice dragon scales.
    74 | D:4      | 74 ||| DROPPING +0 leather armour.
    75 | D:4      | 75 ||| READING scroll labelled SAGAGUCLEF.
    76 | D:4      | 76 ||| DRINKING 2 metallic ruby potions.
    89 | D:4      | Reached skill level 1 in Armour
    89 | D:4      | Reached XP level 2. HP: 19/19 MP: 2/2
    94 | D:3      | 94 ||| PLANNING SEWER
   146 | D:3      | Found a glowing silver altar of Zin.
   363 | D:3      | Reached XP level 3. HP: 22/23 MP: 3/3
   375 | D:3      | Found Lakegun's Armour Shop.
   390 | D:3      | 390 ||| UPGRADING to +1 helmet.
   453 | D:3      | 453 ||| SHOPLISTING +0 chain mail (54 gold, have 5).
   453 | D:3      | 453 ||| SHOPLISTING +0 plate armour (276 gold, have 5).
   453 | D:3      | 453 ||| SHOPLISTING +0 ring mail (48 gold, have 5).
   453 | D:3      | 453 ||| SHOPLISTING +2 pair of boots of stealth (258 gold,
                  | have 5).
   644 | D:3      | Reached skill level 3 in Axes
   862 | D:3      | 862 ||| RIP SEWER
   863 | D:3      | 863 ||| PLANNING D:1-11
   948 | D:3      | 948 ||| READING scroll labelled AWUFYLUMURGH.
  1006 | D:2      | 1006 ||| Stepping ~*~*~tactically~*~*~ (stealth).
  1011 | D:2      | Reached XP level 4. HP: 28/28 MP: 4/4
  1012 | D:2      | 1012 ||| Stepping ~*~*~tactically~*~*~ (stealth).
  1014 | D:2      | 1014 ||| Stepping ~*~*~tactically~*~*~ (stealth).
  1058 | D:2      | 1058 ||| Stepping ~*~*~tactically~*~*~ (stealth).
  1205 | D:2      | Found a faded altar of an unknown god.
  1206 | D:2      | 1206 ||| Stepping ~*~*~tactically~*~*~ (stealth).
  1379 | D:2      | 1379 ||| READING 2 scrolls labelled KULIOMP GIBATI.
  1380 | D:2      | 1380 ||| READING scroll of enchant weapon.
  1380 | D:2      | 1380 ||| ENCHANTING +1 hand axe.
  1542 | D:1      | 1542 ||| Stepping ~*~*~tactically~*~*~ (stealth).
  1560 | D:1      | 1560 ||| SWAPPING to +2 hand axe of flaming.
  1561 | D:1      | 1561 ||| DROPPING +0 club.
  1562 | D:1      | 1562 ||| DROPPING +2 hand axe.
  1614 | D:1      | 1614 ||| Stepping ~*~*~tactically~*~*~ (stealth).
  2007 | D:1      | 2007 ||| Stepping ~*~*~tactically~*~*~ (stealth).
  2008 | D:1      | 2008 ||| Stepping ~*~*~tactically~*~*~ (stealth).
  2421 | D:1      | 2421 ||| READING scroll labelled ESCHUN ZIABO.
  2467 | D:1      | 2467 ||| READING scroll labelled FUDUBA WEOJIM.
  2468 | D:1      | 2468 ||| READING scroll labelled SUNAPL JIJO.
  2569 | D:1      | 2569 ||| DRINKING 2 grey potions.
  2570 | D:1      | 2570 ||| READING 2 scrolls of identify.
  2570 | D:1      | 2570 ||| IDENTIFYING viscous amethyst potion
  2571 | D:1      | 2571 ||| DROPPING potion of degeneration.
  2609 | D:2      | Reached XP level 5. HP: 32/32 MP: 5/5
  3013 | D:2      | 3013 ||| READING 2 scrolls of identify.
  3013 | D:2      | 3013 ||| IDENTIFYING white potion
  3089 | D:3      | 3089 ||| READING scroll of enchant armour.
  3089 | D:3      | 3089 ||| ENCHANTING +1 helmet.
  3104 | D:3      | Noticed Sigmund
  3105 | D:3      | 3105 ||| Stepping ~*~*~tactically~*~*~ (hiding).
  3220 | D:3      | Killed Sigmund
  3221 | D:3      | Reached XP level 6. HP: 26/37 MP: 6/6
  3539 | D:3      | 3539 ||| UPGRADING to +0 cloak.
  4126 | D:4      | Found a staircase to the Ecumenical Temple.
  4127 | D:4      | 4127 ||| PLANNING TEMPLE
  4137 | D:4      | 4137 ||| FLEEEEING.
  4138 | D:4      | 4138 ||| FLEEEEING.
  4140 | D:4      | 4140 ||| FLEEEEING.
  4166 | D:4      | 4166 ||| UPGRADING to +0 kite shield.
  4171 | D:4      | 4171 ||| UPGRADING to +0 pair of boots.
  4176 | D:4      | 4176 ||| UPGRADING to +0 pair of gloves.
  4189 | Temple   | Entered the Ecumenical Temple
  4223 | Temple   | 4223 ||| PLANNING D:1-11
  4226 | Temple   | Became a worshipper of Warmaster Okawaru
  4656 | D:4      | 4656 ||| READING 2 scrolls of identify.
  4656 | D:4      | 4656 ||| IDENTIFYING bubbling inky potion
  4657 | D:4      | 4657 ||| DROPPING potion of invisibility.
  4713 | D:5      | Noticed Dowan
  4714 | D:5      | Noticed Duvessa
  4723 | D:5      | Killed Dowan
  4724 | D:5      | Reached skill level 1 in Shields
  4724 | D:5      | Reached XP level 7. HP: 43/43 MP: 7/7
  4729 | D:5      | HP: 4/43 [Duvessa/+0 rapier (13)]
  4730 | D:5      | Slain by Duvessa

Levels and vault maps discovered:
D:1:      dpeg_arrival_three_smaller_balls, layout_loops_corners, minmay_tall_x
D:2:      layout_basic, dreamdust_ecumenical_altar_drowned_temple
D:3:      layout_loops_ring, mainiacjoe_overflow_concentric_impassable,
          serial_shops, nicolae_shop_hallway_plus, gup_sewer_entry_bubbles,
          uniq_sigmund
D:4:      layout_loops_corners, minmay_temple_entry_stoned_glass,
          serial_bayou_pond_c, item_on_display_a
D:5:      minmay_clustersquares, layout_loops_ring, kiku_gazebo_pond_becter,
          mainiacjoe_overflow_brackets, gammafunk_ghost_icy, serial_shops, shop,
          serial_park_tiny_1, uniq_duvessa, uniq_crazy_yiuf_cottage
Temple:   hellmonk_temple_of_storms

Skill      XL: |  1  2  3  4  5  6 |
---------------+-------------------+-----
Axes           | 2 3 4 5 |  5.5
Armour         | 1 2 |  2.7
Fighting       | 4 |  4.0
Shields        | 1 |  1.7
Dodging        | |  1.5
Stealth        | |  5.4

Action                   |  1- 3 |  4- 6 |  7- 9 || total
-------------------------+-------+-------+-------++-------
Melee: Hand axe          |   114 |   217 |     7 ||   338
       Punch             |       |     1 |       ||     1
  Use: Scroll            |     2 |     9 |       ||    11
       Potion            |     1 |     1 |       ||     2
 Stab: Sleeping          |       |     2 |       ||     2
Armor: Ice dragon scales |    80 |   127 |     2 ||   209
Dodge: Dodged            |    43 |   102 |     2 ||   147
Block: Kite shield       |       |     4 |     3 ||     7

Table legend:
 A = Non-vault XP
 B = Vault XP
 C = Vault XP percentage of total XP
 D = Non-vault monster count
 E = Vault monster count
 F = Vault count percentage of total count
                 A         B        C        D         E       F
            +---------+---------+-------+---------+---------+-------
      Total |     272 |     367 |  57.4 |      73 |      14 |  16.1
            +---------+---------+-------+---------+---------+-------
        D:1 |      54 |       8 |  12.9 |      29 |       4 |  12.1
        D:2 |      26 |       1 |   3.7 |      11 |       1 |   8.3
        D:3 |      35 |     286 |  89.1 |      14 |       8 |  36.4
        D:4 |     157 |       0 |   0.0 |      19 |       0 |   0.0
        D:5 |       0 |      72 | 100.0 |       0 |       1 | 100.0
            +---------+---------+-------+---------+---------+-------
